Map: New Gettysburg LE

Players

stormerkr

  • Race: Zerg Zerg

Tenonee - Winner!

  • Race: Terran Terran
  • League: Diamond

VOD

Have the link to the VOD?

Description

Time

  • Played on: July 30, 2016, 9:03 a.m.
  • Length: 12:10
Show
View Real Time Build Order
Export as new Build Order

stormerkr Zerg 

Build Orders: Pool First 

Get SALT Encoding   

  12  0:01  Drone  
  13  0:09  Drone  
  14  0:28  Spawning Pool  
  14  0:30  Drone  
  14  0:39  Extractor, Drone  
  14  0:45  Overlord  
  14  1:06  Drone  
  15  1:16  Zergling x4  
  17  1:19  Zergling x2  
  18  1:34  Drone  
  18  1:36  Hatchery  
  18  1:45  Metabolic Boost  
  18  1:49  Drone  
  18  1:53  Drone  
  20  2:05  Queen  
  22  2:14  Overlord  
  22  2:29  Baneling Nest  
  21  2:45  Drone x3  
  23  2:53  Drone  
  24  3:04  Drone x2  
  25  3:09  Zergling x2  
  26  3:16  Drone  
  26  3:18  Queen  
  28  3:28  Zergling x4  
  28  3:30  Hatchery  
  29  3:37  Overlord  
  29  3:38  Drone  
  30  3:54  Roach Warren, Spine Crawler  
  28  3:58  Drone x3  
  31  4:07  Drone x3  
  34  4:16  Drone  
  34  4:17  Drone x2  
  34  4:34  Roach x4  
  34  4:36  Overlord  
  42  4:44  Roach x3  
  49  5:00  Drone x4  
  52  5:08  Queen  
  52  5:12  Roach x2  
  52  5:13  Overlord x2  
  58  5:46  Roach x8  
  71  6:09  Overlord, Roach  
  71  6:10  Overlord x3  
  73  6:16  Extractor  
  72  6:28  Extractor  
  71  6:37  Extractor  
  70  6:40  Extractor, Lair  
  70  6:47  Drone x6  
  75  6:58  Drone x3  
  78  7:05  Drone x4  
  82  7:11  Pneumatized Carapace  
  82  7:15  Extractor  
  81  7:19  Roach x3  
  84  7:26  Roach x4  
  91  7:45  Roach x2  
  91  7:50  Drone  
  96  7:53  Queen  
  80  8:23  Zergling x8  
  80  8:24  Zergling x14  
  80  8:25  Zergling x2  
  90  8:33  Drone x2  
  92  8:35  Queen  
  94  8:49  Drone x2  
  96  8:56  Spire  
  96  8:57  Glial Reconstitution  
  88  9:11  Drone x5  
  88  9:12  Drone x9  
  88  9:13  Drone, Overlord x3  
  103  9:26  Infestation Pit  
  102  9:35  Roach x2  
  106  9:39  Hatchery  
  106  9:45  Overlord x3  
  105  9:51  Overlord x2  
  105  9:52  Overlord  
  105  10:11  Corruptor  
  105  10:12  Corruptor x4  
  115  10:14  Hive  
  115  10:50  Corruptor x3  
  115  11:08  Mutalisk  
  115  11:09  Roach x4  
  115  11:10  Hatchery, Roach x3  
  128  11:11  Zergling x4  
  128  11:12  Zergling x10  
  96  11:46  Roach x2  
  96  11:47  Roach x5  
Show
View Real Time Build Order
Export as new Build Order

Tenonee Terran - Winner!

Build Orders: Reaper Expand 

Get SALT Encoding   

  12  0:01  SCV  
  13  0:13  SCV  
  14  0:19  Supply Depot  
  14  0:26  SCV  
  15  0:40  SCV  
  15  0:42  Barracks  
  16  0:47  Refinery  
  16  0:52  SCV  
  17  0:59  Supply Depot  
  17  1:04  SCV  
  18  1:17  SCV  
  19  1:30  Reaper  
  20  1:35  Orbital Command  
  20  1:55  Command Center  
  20  2:00  SCV  
  21  2:04  Marine  
  22  2:11  Factory  
  22  2:13  SCV  
  23  2:25  SCV  
  23  2:28  Barracks Reactor  
  24  2:37  SCV  
  24  2:48  Barracks  
  22  3:18  Hellion x2  
  25  3:21  SCV  
  26  3:30  Barracks Tech Lab  
  26  3:33  SCV  
  25  3:43  Supply Depot  
  25  3:45  SCV  
  25  3:48  Hellion x2  
  30  3:50  Stimpack  
  30  3:51  Barracks Reactor  
  30  3:56  Orbital Command  
  30  4:04  Supply Depot x2, SCV  
  31  4:10  Supply Depot  
  31  4:16  SCV  
  34  4:24  Hellion x2, Marine  
  34  4:28  SCV  
  34  4:29  Bunker  
  39  4:31  SCV  
  39  4:34  Marine x2  
  41  4:40  SCV  
  41  4:42  Refinery  
  41  4:43  SCV  
  43  4:45  Marine  
  43  4:52  Marine  
  45  4:55  SCV x2  
  45  4:56  Starport  
  45  4:59  Marine  
  46  5:03  Marine  
  47  5:07  SCV x2  
  47  5:08  Factory Tech Lab  
  47  5:10  Marine  
  50  5:17  Marine  
  50  5:19  SCV  
  50  5:20  SCV  
  53  5:21  Marine  
  53  5:25  Engineering Bay  
  57  5:28  Siege Tank  
  57  5:29  Engineering Bay  
  57  5:38  Marine x2  
  57  5:39  Marine  
  58  5:56  Marine x2  
  54  5:58  Terran Infantry Armor Level 1, Terran Infantry Weapons Level 1  
  52  6:05  Medivac  
  54  6:13  SCV x2, Refinery  
  54  6:14  Refinery  
  56  6:23  Marine x3  
  60  6:25  SCV x2  
  60  6:28  Armory  
  60  6:30  Command Center  
  61  6:37  SCV  
  61  6:38  SCV  
  63  6:40  Marine  
  63  6:46  Medivac  
  66  6:47  Marine x2  
  66  6:49  SCV  
  66  6:50  Siege Tank  
  72  6:55  SCV  
  72  6:58  Marine  
  74  7:02  SCV  
  74  7:05  Marine  
  74  7:07  SCV  
  77  7:10  Marine  
  78  7:21  Barracks  
  78  7:23  Barracks x2  
  78  7:27  Supply Depot  
  78  7:29  Supply Depot, Marine x2  
  80  7:34  Marine  
  80  7:47  Marine x2  
  80  7:52  Marine  
  80  7:54  Siege Tank  
  80  7:56  Terran Infantry Weapons Level 2, Terran Infantry Armor Level 2  
  84  8:04  Marine x2  
  79  8:10  Marine  
  76  8:15  Orbital Command  
  76  8:22  Marine  
  76  8:24  Liberator, Marine  
  79  8:28  Marine  
  78  8:34  Ghost Academy  
  78  8:38  Barracks Tech Lab  
  78  8:40  Siege Tank  
  78  8:41  Medivac  
  82  8:42  Barracks Tech Lab x2, Marine x2  
  82  8:44  SCV x3  
  90  8:54  Marine  
  91  8:56  SCV  
  92  9:04  Marine x4  
  96  9:11  Supply Depot, SCV x2  
  96  9:12  SCV  
  96  9:16  Supply Depot x3  
  99  9:17  Supply Depot  
  99  9:22  Command Center, Liberator  
  99  9:23  SCV  
  100  9:28  Marine x4  
  100  9:29  Refinery  
  104  9:38  Marauder x2  
  108  9:39  Medivac, Siege Tank  
  116  9:46  Marine x4, Refinery  
  120  9:59  Marine, Marauder  
  123  10:03  Marine  
  123  10:04  Marine x2, Marauder  
  128  10:17  Marine  
  128  10:20  Marine  
  130  10:21  Marine x2  
  130  10:22  Marauder  
  130  10:26  Marauder  
  135  10:34  Liberator, Marine, SCV x2  
  135  10:35  SCV  
  139  10:38  Marine, Barracks  
  139  10:39  Barracks, Marine x2  
  142  10:43  Barracks  
  142  10:44  Marauder  
  142  10:46  SCV  
  142  10:47  Marauder  
  146  10:51  Medivac, Siege Tank  
  146  10:53  Marauder  
  146  10:56  Marine  
  157  10:57  Marine x2  
  157  11:05  Marauder  
  157  11:08  Marine  
  160  11:13  Marine  
  160  11:14  Marine, Orbital Command  
  160  11:15  Marine x2  
  155  11:26  Marine, Marauder  
  153  11:33  Marine x2  
  142  11:47  Marine x2  
  142  11:48  Marauder  
  142  11:51  Marine  
Tags
 
Add a new tag
Caveats
  • Supply blocks, unpowered buildings, or Contaminate may cause inaccurate times.
  • Supply counts are checked every 10 seconds.